 Dungeon Crawl Stone Soup version 0.30-a0-972-gf3ab3527aa (webtiles) character file.

Game seed: 5356219120854915857

78 vishdafish the Conjurer (level 4, -7/30 HPs)
             Began as a Demonspawn Conjurer on Mar 31, 2023.
             Mangled by a gnoll
             ... wielding a +2 flail of venom
              (8 damage)
             ... on level 2 of the Dungeon.
             The game lasted 00:02:38 (2109 turns).

vishdafish the Conjurer (Demonspawn Conjurer)       Turns: 2109, Time: 00:02:39

Health: -7/30      AC:  5    Str:  8    XL:     4   Next: 15%
Magic:  6/8        EV: 12    Int: 27    God:
Gold:   185        SH:  0    Dex: 11    Spells: 8/9 levels left

rFire   . . .      SeeInvis .    (no weapon)
rCold   . . .      Faith    .    (no shield)
rNeg    . . .      Spirit   .    a - +0 robe
rPois   .          Reflect  .    i - +0 helmet
rElec   .          Rampage  .    e - +0 cloak
rCorr   .                        g - +0 pair of gloves
Will    .....                    (no boots)
Stlth   ++                       (no amulet)
HPRegen 0.25/turn                l - +6 ring of intelligence
MPRegen 0.11/turn                (no ring)

@: lethally poisoned (-7 -> -14), hasted, very quick
A: powered by death 1, weakness stinger 1
a: no special abilities


You were on level 2 of the Dungeon.
You visited 1 branch of the dungeon, and saw 3 of its levels.

You collected 185 gold pieces.

Inventory:

Armour
 a - a +0 robe (worn)
 e - a +0 cloak (worn)
 g - a +0 pair of gloves (worn)
 i - a +0 helmet (worn)
Jewellery
 l - a +6 ring of intelligence (left hand)
Scrolls
 c - 2 scrolls of identify {unknown}
 d - a scroll of poison {unknown}
 h - a scroll of fear {unknown}
 k - a scroll of teleportation {unknown}
Potions
 f - a potion of haste
 j - a potion of brilliance {unknown}
 m - a potion of lignification {unknown}
 n - a potion of mutation {unknown}


   Skills:
 - Level 1.7 Dodging
 - Level 1.7 Stealth
 + Level 3.2 Spellcasting
 + Level 4.9 Conjurations


You had 8 spell levels left.
You knew the following spells:

 Your Spells              Type           Power      Damage    Failure   Level
a - Magic Dart            Conj           100%       1d8       1%          1

Your spell library contained the following spells:

 Spells                   Type           Power      Damage    Failure   Level
 Searing Ray              Conj           62%        2d6       1%          2
 Dazzling Flash           Conj/Hex       34%        N/A       10%         3
 Fulminant Prism          Conj/Hex       8%         3d7       30%         4
 Iskenderun's Mystic Bla  Conj/Tloc      17%        2d5       30%         4


Dungeon Overview and Level Annotations

Branches:
Dungeon (3/15)

Altars:


Innate Abilities, Weirdness & Mutations

You regenerate a little health from kills.
You have a small tail.


Message History

The magic dart hits the gnoll.
The gnoll is lightly wounded.
The gnoll hits you with a +2 flail of venom.
The magic dart hits the gnoll.
The gnoll is moderately wounded.
The gnoll barely misses you.
You are out of magic!
The gnoll barely misses you.
You climb upwards.
There is a stone staircase leading down here.
The magic dart hits the gnoll but does no damage.
The gnoll is moderately wounded.
The gnoll hits you with a +2 flail of venom!
You are poisoned.
You are out of magic!
You are out of magic!
Magic courses through your body.
You feel very sick. The gnoll closely misses you.
Aiming: Magic Dart (safe; 1% risk of failure)
Press: ? - help, Q - select action Shift-Dir - straight line, f/p - gnoll
Aim: a gnoll, wielding a +2 flail of venom (moderately wounded, 100% to hit)
The magic dart hits the gnoll.
The gnoll is moderately wounded.
You feel sick.
The gnoll hits you with a +2 flail of venom.
You are more poisoned.
Aiming: Magic Dart (safe; 1% risk of failure)
Press: ? - help, Q - select action Shift-Dir - straight line, f/p - gnoll
Aim: a gnoll, wielding a +2 flail of venom (moderately wounded, 100% to hit)
The magic dart hits the gnoll.
The gnoll is heavily wounded.
You feel very sick.
The gnoll hits you with a +2 flail of venom!
* * * LOW HITPOINT WARNING * * *
It was a potion of haste.
You feel yourself speed up.
* * * LOW HITPOINT WARNING * * *
You feel sick.
The gnoll hits you with a +2 flail of venom!
You die...

##################
...............g@#
##########.#####.#
#.#####.#
#..†)...# #####
#######.# ....#
#.....#.# ....#
#.......# ....#
#####.#.# ....#
#.#.#


You could see a gnoll.

Vanquished Creatures
  A gnoll (D:3)
  2 adders (D:2)
  A worm (D:2)
  A dart slug (D:1)
  An orc (D:2)
  7 endoplasms
  A giant cockroach (D:2)
  7 goblins
  2 jackals (D:1)
  4 quokkas
  5 ball pythons
  4 bats
  3 kobolds
  2 rats
41 creatures vanquished.

Notes
Turn   | Place    | Note
-------+----------+-------------------------------------------
     0 | D:1      | vishdafish the Demonspawn Conjurer began the quest for the
                  | Orb.
     0 | D:1      | Reached XP level 1. HP: 13/13 MP: 3/3
   207 | D:1      | Gained mutation: You have a small tail. [demonic ancestry]
   207 | D:1      | Reached XP level 2. HP: 19/19 MP: 0/5
   960 | D:2      | Gained mutation: You regenerate a little health from kills.
                  | [demonic ancestry]
   960 | D:2      | Reached XP level 3. HP: 24/24 MP: 1/7
  1495 | D:2      | Found a faded altar of an unknown god.
  2097 | D:3      | Reached XP level 4. HP: 30/30 MP: 5/8
  2109 | D:2      | HP: 1/30 [poisoned by a gnoll]
  2109 | D:2      | Mangled by a gnoll

Illustrated notes

Levels and vault maps discovered:
D:1:      dpeg_arrival_simpleton_c, layout_rooms
D:2:      layout_basic, chequers_ecumenical_altar_island,
          minmay_misc_feat_hallway, grunt_ministairs_11, minmay_cut_off
D:3:      layout_basic, mainiacjoe_overflow_six_doors_small, lemuel_round_altar

Skill      XL: |  1  2  3 |
---------------+----------+-----
Spellcasting   | 3 |  3.2
Dodging        | |  1.7
Stealth        | |  1.7
Conjurations   | |  4.9

Action                     |  1- 3 |  4- 6 || total
---------------------------+-------+-------++-------
  Melee: Unarmed           |    19 |       ||    19
   Cast: Magic Dart        |    87 |     8 ||    95
    Use: Potion            |       |     2 ||     2
 Armour: Robe              |    11 |       ||    11
  Dodge: Dodged            |    25 |     5 ||    30

Table legend: (Time is in decaauts)
 A = Elapsed time spent in this place.
 B = Non-inter-level travel time spent in this place.
 C = Inter-level travel time spent in this place.
 D = Time resting spent in this place.
 E = Time spent auto-exploring this place.
 F = Levels seen in this place.
 G = Mean time per level.
                   A        B        C        D        E       F      G
               +--------+--------+--------+--------+--------+-----+--------+
         Total |   2114 |   2021 |     93 |      0 |   1767 |   3 |  704.7 |
       Dungeon |   2114 |   2021 |     93 |      0 |   1767 |   3 |  704.7 |
               +--------+--------+--------+--------+--------+-----+--------+

Top non-repeatable levels by time:
     D:2: 1274 daAuts
     D:1: 825 daAuts
     D:3: 15 daAuts
